 Dungeon Crawl Stone Soup version 0.25.1-2-g60ff931df9 (webtiles) character file.

Game seed: 6287595784861443801

621114 growler the Warrior (level 25, -9/444 HPs)
             Began as a Demigod Ice Elementalist on Oct 5, 2020.
             Mangled by an Orb Guardian (25 damage)
             ... on level 5 of the Realm of Zot on Oct 6, 2020.
             The game lasted 05:58:06 (99396 turns).

growler the Warrior (Demigod Ice Elementalist)     Turns: 99396, Time: 05:58:06

Health: -9/444     AC: 33    Str: 16 (17) XL:     25   Next: 70%
Magic:  0/49       EV: 26    Int: 33 (34) God:
Gold:   5799       SH: 17    Dex: 15 (16) Spells: 3/40 levels left

rFire    + . .     SeeInvis +   h - +9 double sword (freeze)
rCold    + + .     Gourm    .   Q - +4 kite shield
rNeg     + + +     Faith    .   (armour currently unavailable)
rPois    ∞         Spirit   +   J - +0 helmet "Feat" {-Tele Harm rC- SInv} (curse)
rElec    +         Reflect  .   S - +2 cloak {MR+}
rCorr    .         Harm     +   (gloves currently unavailable)
MR       +++..     NoTele   +   (boots currently unavailable)
Stlth    ..........             K - amulet of guardian spirit
HPRegen  0.84/turn              T - ring "Sottarisch" {rF+ rC++ Slay+2}
MPRegen  0.31/turn              Y - ring "Atoets" {rN++ MP+9 Int+5 SInv}

@: berserking (expiring), statue-form, marked, hasted
A: fangs 1, cold resistance 1, high mp 1, mutation resistance 1
}: 3/15 runes: serpentine, barnacled, silver
a: End Transformation


You were on level 5 of the Realm of Zot.
You were hungry.
You were a stone statue.
You visited 9 branches of the dungeon, and saw 49 of its levels.
You visited the Abyss 2 times.
You also visited: Gauntlet.

You collected 9993 gold pieces.
You spent 4194 gold pieces at shops.

Inventory:

Hand Weapons
 h - a +9 double sword of freezing (weapon)
   (You acquired it on level 3 of the Elven Halls)
 A - the +8 demon blade "Leech" {vamp, *Rage +Rage rN+}
   (You acquired it on level 5 of the Depths)

   It inflicts no extra harm, but heals its wielder when it wounds a living foe.
   It protects you from negative energy.
   It lets you go berserk.
   It may make you go berserk in combat.
Missiles
 y - 11 throwing nets (quivered) {!f}
Armour
 C - the quicksilver dragon scales of the Transparent Slorg (melded) {MR+ Dex+7}
   (You took it off a deep elf master archer on level 3 of the Elven Halls)

   It affects your dexterity (+7).
   It affects your resistance to hostile enchantments.
 D - a +2 helmet of intelligence
   (You bought it in a shop on level 4 of the Snake Pit)
 J - the cursed +0 helmet "Feat" (worn) {-Tele Harm rC- SInv}
   (You found it on level 5 of the Vaults)

   It makes you vulnerable to cold.
   It lets you see invisible.
   It prevents most forms of teleportation.
   It increases damage dealt and taken.
   It has a curse placed upon it.
 Q - a +4 kite shield (worn)
   (You found it in a Gauntlet)
 S - a +2 cloak of magic resistance (worn)
   (You found it on level 12 of the Dungeon)
 U - the +2 pair of boots "Iqidahunk" (melded) {MR+}
   (You found it on level 2 of the Snake Pit)

   It affects your resistance to hostile enchantments.
 Z - a +2 pair of gloves (melded)
   (You found it on level 6 of the Lair of Beasts)
Jewellery
 i - an uncursed ring of protection from fire
   (You found it on level 5 of the Realm of Zot)
 l - an uncursed ring of protection from magic
   (You took it off a draconian annihilator on level 5 of the Realm of Zot)
 q - the ring "Zomoaphe" {MR+ Int+6}
   (You bought it in a shop on level 2 of the Orcish Mines)

   [ring of intelligence]

   It affects your intelligence (+6).
   It affects your resistance to hostile enchantments.
 K - an amulet of guardian spirit (around neck)
   (You found it on level 3 of the Dungeon)
 T - the ring "Sottarisch" (left hand) {rF+ rC++ Slay+2}
   (You took it off a deep elf death mage on level 3 of the Elven Halls)

   [ring of protection from fire]

   It affects your accuracy and damage with ranged weapons and melee attacks
   (+2).
   It protects you from fire.
   It greatly protects you from cold.
 Y - the ring "Atoets" (right hand) {rN++ MP+9 Int+5 SInv}
   (You took it off a deep elf high priest on level 3 of the Elven Halls)

   [ring of magical power]

   It affects your intelligence (+5).
   It greatly protects you from negative energy.
   It affects your magic capacity (+9).
   It lets you see invisible.
Wands
 c - a wand of disintegration (34)
   (You found it on level 14 of the Dungeon)
 d - a wand of iceblast (17)
   (You found it on level 3 of the Lair of Beasts)
 t - a wand of flame (211)
   (You found it on level 9 of the Dungeon)
 u - a wand of paralysis (61)
   (You found it on level 9 of the Dungeon)
 x - a wand of acid (8)
   (You found it on level 1 of the Lair of Beasts)
 E - a wand of polymorph (35)
   (You found it on level 7 of the Dungeon)
 G - a wand of enslavement (18)
   (You found it on level 8 of the Dungeon)
Scrolls
 k - 8 scrolls of immolation {!r}
 m - 5 scrolls of magic mapping
 o - a scroll of silence
 s - 12 scrolls of teleportation {@r4}
 w - 9 scrolls of fog
 F - 15 scrolls of remove curse {@r2}
 H - 8 scrolls of amnesia
 I - 33 scrolls of identify {@r1}
 L - 6 scrolls of holy word
 M - 5 scrolls of blinking
 P - 3 scrolls of vulnerability {!r}
 X - 2 scrolls of fear
Potions
 a - 2 potions of ambrosia
 b - a potion of berserk rage
 f - 2 potions of cancellation
 g - 5 potions of mutation {!q}
 j - 6 potions of haste {@q3}
 n - a potion of magic
 r - 4 potions of stabbing
 v - 6 potions of curing {@q1}
 z - 8 potions of might
 B - 9 potions of lignification {!q}
 O - 5 potions of invisibility
 R - 5 potions of brilliance
 V - 3 potions of resistance
 W - 6 potions of flight
Miscellaneous
 N - 3 phantom mirrors
Comestibles
 e - 41 rations {!d}


   Skills:
 + Level 19.5 Fighting
 - Level 16.0 Long Blades
 + Level 19.2 Dodging
 - Level 1.7 Stealth
 - Level 15.0 Shields
 - Level 8.0 Spellcasting
 - Level 14.0 Conjurations
 - Level 8.0 Hexes
   Level 3.0 Charms
 - Level 14.0 Summonings
 - Level 10.0 Transmutations
 - Level 10.0 Ice Magic
 - Level 15.0 Earth Magic


You had 3 spell levels left.
You knew the following spells:

 Your Spells              Type           Power        Failure   Level  Hunger
a - Invisibility          Hex            ######..     21%         6    #####..
b - Frozen Ramparts       Ice            ######       1%          3    None
c - Blink                 Tloc           N/A          5%          2    None
e - Statue Form           Tmut/Erth      #######..    3%          6    #####..
f - Iron Shot             Conj/Erth      #######...   1%          6    #####..
g - Spellforged Servitor  Conj/Summ      #######...   10%         7    #######
z - Orb of Destruction    Conj           #######...   10%         7    #######

Your spell library contained the following spells:

 Spells                   Type           Power        Failure   Level  Hunger
 Magic Dart               Conj           ####         0%          1    None
 Sandblast                Erth           ######       0%          1    None
 Summon Butterflies       Summ           #######.     0%          1    None
 Summon Small Mammal      Summ           ####         0%          1    None
 Call Imp                 Summ           #######.     0%          2    None
 Searing Ray              Conj           ######       0%          2    None
 Corona                   Hex            ######.      1%          1    None
 Foxfire                  Conj/Fire      ####         1%          1    None
 Freeze                   Ice            ####         1%          1    None
 Sting                    Tmut/Pois      ####         1%          1    None
 Ensorcelled Hibernation  Hex/Ice        ######       1%          2    None
 Passwall                 Tmut/Erth      #######.     1%          2    None
 Slow                     Hex            ######..     1%          2    None
 Song of Slaying          Chrm           ####....     1%          2    None
 Call Canine Familiar     Summ           #######.     1%          3    None
 Confusing Touch          Hex            ######..     1%          3    None
 Conjure Flame            Conj/Fire      ######..     1%          3    None
 Dazzling Flash           Conj/Hex       ######       1%          3    None
 Inner Flame              Hex/Fire       #####...     1%          3    None
 Mephitic Cloud           Conj/Pois/Air  #####...     1%          3    None
 Ozocubu's Armour         Chrm/Ice       ######..     1%          3    None
 Static Discharge         Conj/Air       ######..     1%          3    None
 Stone Arrow              Conj/Erth      ######       1%          3    None
 Summon Guardian Golem    Hex/Summ       ######..     1%          3    None
 Tukima's Dance           Hex            ######..     1%          3    None
 Swiftness                Chrm/Air       ###.....     2%          2    None
 Ignite Poison            Fire/Tmut/Pois #####...     2%          3    None
 Animate Skeleton         Necr           N/A          3%          1    None
 Apportation              Tloc           ##....       3%          1    None
 Pain                     Necr           ##..         3%          1    None
 Corpse Rot               Necr/Air       N/A          5%          2    None
 Poisonous Vapours        Pois/Air       ##....       5%          2    None
 Sublimation of Blood     Necr           ##........   5%          2    None
 Gell's Gravitas          Tloc           ##........   11%         3    None
 Lesser Beckoning         Tloc           ##........   11%         3    None
 Vampiric Draining        Necr           ##........   11%         3    None
 Cause Fear               Hex            ######....   1%          4    None
 Fulminant Prism          Conj/Hex       ######....   1%          4    None
 Hailstorm                Conj/Ice       #######.     1%          4    None
 Iskenderun's Mystic Bla  Conj/Tloc      ######..     1%          4    None
 Leda's Liquefaction      Hex/Erth       ######....   1%          4    None
 Petrify                  Tmut/Erth      #######.     1%          4    None
 Sticky Flame             Conj/Fire      ######..     1%          4    None
 Summon Ice Beast         Ice/Summ       #######.     1%          4    None
 Summon Lightning Spire   Summ/Air       ######..     1%          4    None
 Bolt of Magma            Conj/Fire/Erth ######....   1%          5    ####...
 Irradiate                Conj/Tmut      #######...   1%          5    ####...
 Lee's Rapid Deconstruct  Erth           #######...   1%          5    ####...
 Summon Mana Viper        Hex/Summ       ######..     1%          5    ####...
 Metabolic Englaciation   Hex/Ice        ######....   2%          5    ####...
 Yara's Violent Unravell  Hex/Tmut       ######....   2%          5    ####...
 Iskenderun's Battlesphe  Conj/Chrm      ######..     3%          5    ####...
 Fireball                 Conj/Fire      ######....   5%          5    ####...
 Lightning Bolt           Conj/Air       ######....   5%          5    ####...
 Hydra Form               Tmut           ######....   9%          6    #####..
 Alistair's Intoxication  Tmut/Pois      #####...     12%         5    ####...
 Silence                  Hex/Air        #####.....   19%         5    ####...
 Darkness                 Hex            ######....   21%         6    #####..
 Freezing Cloud           Conj/Ice/Air   ######....   21%         6    #####..
 Conjure Ball Lightning   Conj/Air       ######....   30%         6    #####..
 Starburst                Conj/Fire      ######....   30%         6    #####..
 Animate Dead             Necr           N/A          34%         4    None
 Olgreb's Toxic Radiance  Pois           ##......     34%         4    None
 Passage of Golubria      Tloc           N/A          34%         4    None
 Dragon Form              Tmut           ######....   43%         7    #######
 Agony                    Necr           ##......     67%         5    ####...
 Ring of Flames           Chrm/Fire      ###.......   100%        7    #######
 Discord                  Hex            ######....   100%        8    #######
 Ignition                 Fire           ##........   100%        8    #######
 Dragon's Call            Summ           #######...   100%        9    #######
 Shatter                  Erth           #######...   100%        9    #######
 Tornado                  Air            ##........   100%        9    #######


Dungeon Overview and Level Annotations

Branches:
Dungeon (15/15)            Temple (0/1) D:4            Lair (6/6) D:8
 Shoals (4/4) Lair:2        Snake (4/4) Lair:2        Slime (0/5) Lair:5
    Orc (2/2) D:11            Elf (3/3) Orc:2        Vaults (5/5) D:13
  Crypt (0/3) Vaults:2     Depths (5/5) D:15            Zot (5/5) Depths:5
Gauntlet (visited)

Shops:
D:6 =   D:8 !   D:12 *   D:13 [   Orc:2 =?%*:   Elf:2 !   Shoals:2 (
Shoals:4 [*   Snake:4 (([%*   Vaults:2 *   Vaults:5 ?*!?   Depths:1 [***

Portals:
Hell: Depths:1 Depths:2 Depths:3 Depths:4 Depths:5
Abyss: Depths:1 Depths:2 Depths:4
Pandemonium: Depths:1 Depths:3 Depths:4
Ziggurat: Depths:3
Trove: D:12 (give +3 storm dragon scales)

Annotations:
Lair:3 exclusion: oklob plant
Lair:5 3 runed translucent doors, Caath's ghost, journeyman DrFi
Orc:1 3 runed translucent doors, Snicker's ghost, journeyman DsAs
Elf:1 exclusion: orange crystal statue
Elf:2 3 runed translucent doors
Vaults:3 2 runed translucent doors, Ugguttuj's ghost, veteran DrWn
Depths:3 3 runed translucent doors, Amikeex's ghost, adept TrMo; Ubraesch's ghost, adept TrMo


Innate Abilities, Weirdness & Mutations

You have an increased reservoir of magic. (+10% MP)
You have very sharp teeth.
Your flesh is cold resistant. (rC+)
You are somewhat resistant to further mutation.


Message History

The Orb Guardian closely misses you.
You barely miss the orb of fire.
Your spellforged servitor hums quietly as it recharges.
The electric golem blinks!
An Orb Guardian comes into view.
The Orb Guardian hits you.
* * * LOW HITPOINT WARNING * * *
The Orb Guardian hits your spellforged servitor!
You block the Orb Guardian's attack. x3
You open the orb of fire like a pillowcase!!!
You freeze the orb of fire!
Your spellforged servitor hums quietly as it recharges.
The Orb Guardian hits you but does no damage. x2
The Orb Guardian hits your spellforged servitor!!
You block the Orb Guardian's attack. x2
An Orb Guardian comes into view.
The electric golem completely misses you.
You block the electric golem's attack.
The electric golem completely misses you.
The electric golem closely misses you.
You slash the orb of fire! You freeze the orb of fire.
Your spellforged servitor hums quietly as it recharges.
The Orb Guardian misses you.
You riposte.
You slash the Orb Guardian! You freeze the Orb Guardian.
The Orb Guardian completely misses you.
The Orb Guardian hits your spellforged servitor!!
Your spellforged servitor is destroyed!
You block the Orb Guardian's attack. The Orb Guardian barely misses you.
You riposte.
You carve the Orb Guardian like a ham!!!
You freeze the Orb Guardian. You bite the Orb Guardian.
You block the electric golem's attack.
The electric golem hits you but does no damage.
The electric golem hits you.
* * * LOW HITPOINT WARNING * * *
The electric golem hits you but does no damage.
An Orb Guardian comes into view.
You completely miss the orb of fire. Your bite misses the orb of fire.
You block the Orb Guardian's attack.
The orb of fire glows bright magenta.
Strange energies course through your body.
You feel odd for a moment. You block the Orb Guardian's attack.
The Orb Guardian barely misses you.
The Orb Guardian hits you but does no damage.
The electric golem blinks!
You block the Orb Guardian's attack.
Unknown command.
You slash the orb of fire!
You destroy the orb of fire!
You feel your intelligence returning. You block the Orb Guardian's attack.
The Orb Guardian hits you!!
You die...

▓▓▓▓............^.
##▓...^.........%... *
##..........^........ * *********
#..^...^.............
***,,,,,^,**▓....................
**,,,,,,,.,*▓...^................
*,,,^^,,,...▓.p.X................
,,^,,,,,,..X..XXXX...............
*,,,,,,,,,..▓X*.8X...............
**,,,,,,,,^*▓..XX§.....8........^
***,,,,,,,**▓..p^................
* ********* ▓....................
* ▓▓...................
▓▓▓....^...........^
▓▓▓▓.............▓
▓▓▓▓▓▓▓▓▓▓▓▓▓▓▓


You could see an orb of fire, 2 Killer Klowns, an electric golem, a tentacled
monstrosity and 9 Orb Guardians.

Vanquished Creatures
  3 orbs of fire
  A juggernaut (Depths:2)
  2 ancient liches
  2 Killer Klowns (Zot:5)
  Frederick (Depths:4)
  A curse toe (Zot:1)
  Saint Roka (Snake:3)
  Margery (Depths:3)
  4 caustic shrikes
  9 golden dragons
  the Enchantress (Depths:3)
  5 electric golems
  15 tentacled monstrosities
  13 Orb Guardians (Zot:5)
  6 titans
  Asterion (Elf:2)
  2 deep elf blademasters (Elf:3)
  2 liches
  2 quicksilver dragons
  2 deep elf master archers (Elf:3)
  2 tentacled starspawn (Abyss:2)
  Kirke (D:13)
  13 death cobs
  4 sphinxes
  Gastronok (D:12)
  An ancient champion (Vaults:2)
  11 storm dragons
  11 nagarajas
  2 draconian monks
  14 shadow dragons
  12 fire giants
  5 tengu reavers
  5 frost giants
  2 ghost moths
  2 iron dragons
  5 draconian knights
  Louise (Depths:1)
  13 vault wardens
  6 deep elf sorcerers
  6 draconian scorchers
  5 draconian stormcallers
  3 draconian shifters
  A cacodemon (Abyss:2)
  4 deep elf elementalists (Elf:3)
  An angel (Depths:3)
  2 draconian annihilators
  2 war gargoyles (Vaults:5)
  13 very ugly things
  14 ironheart preservers
  23 stone giants
  3 entropy weavers
  5 deep elf demonologists
  5 spriggan defenders
  4 vampire knights
  8 purple draconians
  13 green draconians
  10 black draconians
  12 deep elf annihilators
  2 dire elephants
  6 yellow draconians
  6 white draconians
  5 spark wasps
  14 ettins
  7 deep elf death magi
  13 red draconians
  7 fire dragons
  5 jiangshi
  5 merfolk javelineers
  17 yaktaur captains
  A fire dragon (shapeshifter) (Vaults:5)
  A green death (Gauntlet)
  9 merfolk impalers
  Erolcha (D:13)
  6 great orbs of eyes
  8 ice dragons
  40 vault guards
  10 deep elf high priests
  31 naga warriors
  3 catoblepae
  3 spriggan air magi
  4 merfolk avatars
  7 rakshasas
  11 ogre magi
  8 hydras
  40 two-headed ogres
  11 centaur warriors
  4 merfolk aquamancers
  3 anacondas
  3 death knights
  3 alligator snapping turtles
  17 deep troll shamans
  17 dancing weapons
  A satyr (Shoals:4)
  8 deep troll earth magi
  3 vampire magi
  5 spriggan berserkers
  A tengu warrior (Depths:1)
  An orc high priest (Orc:2)
  2 wretched stars (Abyss:2)
  15 naga sharpshooters
  A storm dragon zombie (Depths:1)
  A soul eater (Vaults:2)
  13 deep elf knights
  5 shock serpents
  10 iron trolls
  A titan skeleton (Depths:1)
  A shadow wraith (Vaults:4)
  A sixfirhy (Abyss:2)
  16 skeletal warriors
  12 hell knights
  3 unseen horrors
  4 glowing orange brains
  15 sea snakes
  3 salamander mystics
  An unseen horror (shapeshifter) (Depths:5)
  A death drake (Gauntlet)
  7 wizards
  26 deep trolls
  2 golden dragon skeletons
  2 lindwurms (Lair:6)
  A swamp dragon (Lair:6)
  A flayed ghost (Depths:2)
  10 naga ritualists
  6 deep elf archers
  A tengu zombie (Vaults:5)
  19 harpies
  7 necromancers
  A glowing shapeshifter (Elf:2)
  2 lindwurms (shapeshifter)
  67 deep elf magi
  A harpy (shapeshifter) (Vaults:5)
  10 ironbrand convokers
  29 orc knights
  A wolf spider (shapeshifter) (Depths:3)
  A frost giant zombie (Depths:3)
  2 mana vipers
  A salamander (shapeshifter) (D:15)
  5 phantasmal warriors (Vaults:5)
  36 ugly things
  2 orc sorcerers
  14 manticores
  A wolf spider (Vaults:4)
  9 fauns
  30 moths of wrath
  7 centaur zombies
  17 cyclopes
  A large abomination (Abyss:2)
  35 black mambas
  A black mamba (shapeshifter) (Depths:2)
  An elephant (Gauntlet)
  2 fire giant skeletons
  A rust devil (Abyss:2)
  14 vault sentinels
  10 salamanders
  9 merfolk sirens
  Psyche (D:8)
  10 guardian serpents
  3 water nymphs (Shoals:4)
  A smoke demon (Abyss:2)
  27 naga magi
  2 gargoyles
  A guardian serpent (shapeshifter) (Depths:2)
  14 spiny frogs
  6 rime drakes (Lair:6)
  An orange demon (Gauntlet)
  7 komodo dragons
  5 freezing wraiths
  2 efreet
  37 yaktaurs
  A kobold demonologist (D:14)
  18 merfolk
  A tengu conjurer (D:13)
  A queen bee (D:10)
  A jumping spider (Vaults:5)
  A polar bear (Lair:4)
  14 trolls
  13 blink frogs
  A meliai (shapeshifter) (Depths:4)
  6 wind drakes
  3 raiju (Abyss:2)
  2 hornets
  24 slime creatures
  A blink frog (shapeshifter) (Vaults:4)
  11 dream sheep
  A stone giant simulacrum (Vaults:2)
  A spriggan zombie (Depths:1)
  7 snapping turtles
  8 hippogriffs
  A vampire (D:12)
  3 spriggans (Depths:3)
  A spriggan skeleton (Depths:1)
  A hippogriff (shapeshifter) (Vaults:1)
  3 shadows
  2 tarantellas (shapeshifter)
  Sigmund (D:6)
  5 redbacks
  A tarantella (Vaults:3)
  6 air elementals
  2 nameless horrors
  6 wraiths
  4 hogs (D:13)
  23 water elementals
  2 ynoxinuls (Abyss:2)
  2 redbacks (shapeshifter)
  A basilisk (shapeshifter) (Vaults:5)
  A steam dragon (Lair:6)
  A yak (shapeshifter) (Depths:2)
  A chaos spawn (Abyss:2)
  A neqoxec (Abyss:2)
  2 hungry ghosts
  22 fire elementals
  A golden eye (D:8)
  4 basilisks
  34 yaks
  A human simulacrum (Vaults:3)
  3 elf skeletons
  2 swamp worms (Lair:2)
  Edmund (D:6)
  A swamp worm (shapeshifter) (Elf:3)
  8 wargs
  72 nagas
  2 soldier ants (D:13)
  14 water moccasins
  5 acid dragons
  An acid dragon (shapeshifter) (Depths:4)
  A floating eye (shapeshifter) (Depths:2)
  56 orc warriors
  7 small abominations
  A swamp drake (Lair:6)
  14 porcupines
  An ice beast (shapeshifter) (D:15)
  3 sky beasts
  A black bear (shapeshifter) (Vaults:5)
  An ice dragon simulacrum (Depths:1)
  4 ice beasts
  4 black bears
  A hornet zombie (D:12)
  2 necrophages
  An eye of draining (D:11)
  22 ogres
  2 phantoms
  22 centaurs
  6 boggarts
  9 wolves
  4 big kobolds (D:14)
  A big kobold (shapeshifter) (Vaults:4)
  13 crocodiles
  A wyvern zombie (D:11)
  20 bullfrogs
  4 earth elementals
  A hornet simulacrum (D:14)
  3 scorpions
  6 wights
  20 killer bees
  5 electric eels
  9 howler monkeys
  A lava snake (Lair:3)
  2 bullfrog zombies (D:11)
  10 crimson imps
  7 jellies
  3 quasits
  4 hounds
  8 centaur skeletons
  22 orc priests
  30 orc wizards
  Natasha (thrice) (D:2)
  6 iguanas
  6 worker ants
  2 worker ant zombies
  8 gnolls
  15 adders
  2 howler monkey skeletons
  5 shadow imps
  A white imp (Abyss:2)
  4 ufetubi
  5 oozes
  2 adder skeletons
  An adder zombie (D:6)
  4 worms (D:2)
  A dart slug (D:3)
  4 leopard geckos
  137 orcs
  6 giant cockroaches
  5 goblins
  8 hobgoblins
  9 jackals
  7 kobolds
  5 quokkas
  2 ball pythons
  5 bats
  6 frilled lizards
  A leopard gecko skeleton (D:6)
  A leopard gecko zombie (D:6)
  A quokka skeleton (D:4)
  4 rats
  A bush (Abyss:3)
  2 crawling corpses (Elf:3)
  4 starspawn tentacles (Abyss:2)
2241 creatures vanquished.

Vanquished Creatures (collateral kills)
  An orb of fire (Zot:4)
  2 Killer Klowns (Zot:5)
  A caustic shrike (Depths:5)
  Jory (Depths:3)
  Jorgrun (D:13)
  A tentacled monstrosity (Zot:1)
  An Orb Guardian (Zot:5)
  A shadow dragon (Zot:3)
  Nessos (D:12)
  A very ugly thing (Depths:5)
  A merfolk javelineer (Shoals:2)
  A merfolk impaler (Shoals:3)
  2 fire dragons
  Harold (D:8)
  A hydra (Lair:4)
  A vault guard (D:13)
  A two-headed ogre (Vaults:5)
  2 deep troll shamans
  A deep troll (Depths:3)
  3 ugly things
  A tengu zombie (Depths:3)
  A manticore (Shoals:3)
  A frost giant skeleton (Depths:3)
  An elf zombie (Depths:3)
  A slime creature (D:12)
  A bullfrog (D:13)
  3 wights
  A shadow imp (D:13)
35 creatures vanquished.

Vanquished Creatures (others)
  A black draconian (Zot:2)
  A deep elf demonologist (Elf:3)
  A green draconian (Zot:3)
  2 red draconians
  A merfolk aquamancer (Shoals:4)
  2 shadow wraiths (Vaults:4)
  2 deep elf magi
  A wizard (D:13)
  An ugly thing (Depths:1)
  A moth of wrath (Zot:2)
  An orange demon (Gauntlet)
  A wind drake (Shoals:4)
  A human (D:13)
  3 fungi
  11 plants
  2 starspawn tentacles (Abyss:2)
  A withered plant (Depths:3)
33 creatures vanquished.

Grand Total: 2309 creatures vanquished

Notes
Turn   | Place    | Note
-------+----------+-------------------------------------------
     0 | D:1      | growler the Demigod Ice Elementalist began the quest for
                  | the Orb.
     0 | D:1      | Reached XP level 1. HP: 14/14 MP: 5/5
   421 | D:1      | Reached XP level 2. HP: 15/20 MP: 5/7
  1561 | D:2      | Noticed Natasha
  1574 | D:2      | Killed Natasha
  1574 | D:2      | Reached XP level 3. HP: 5/26 MP: 8/8
  1828 | D:2      | Learned a level 3 spell: Frozen Ramparts
  1884 | D:2      | Reached skill level 5 in Ice Magic
  1953 | D:2      | Reached XP level 4. HP: 33/33 MP: 9/9
  2219 | D:2      | Learned a level 3 spell: Ozocubu's Armour
  2422 | D:2      | Noticed Natasha
  2451 | D:2      | Killed Natasha
  2577 | D:2      | Reached XP level 5. HP: 38/38 MP: 10/10
  2697 | D:2      | Noticed Natasha
  2704 | D:2      | Killed Natasha
  3096 | D:3      | Found a faded altar of an unknown god.
  4206 | D:4      | Reached XP level 6. HP: 40/45 MP: 11/11
  4611 | D:4      | Found a staircase to the Ecumenical Temple.
  4747 | D:5      | Entered Level 5 of the Dungeon
  5028 | D:5      | Found an opulent altar of Gozag.
  5157 | D:5      | Reached XP level 7. HP: 50/50 MP: 13/13
  5895 | D:6      | Noticed Sigmund
  5908 | D:6      | Killed Sigmund
  6033 | D:6      | Reached XP level 8. HP: 57/57 MP: 14/14
  6064 | D:6      | Found Zingai Veywa's Jewellery Shoppe.
  6116 | D:6      | Reached skill level 10 in Ice Magic
  6127 | D:6      | Learned a level 4 spell: Summon Ice Beast
  6309 | D:6      | Reached skill level 1 in Summonings
  6652 | D:6      | Noticed Edmund
  6660 | D:6      | Killed Edmund
  7394 | D:7      | Found a shimmering altar of Xom.
  7395 | D:7      | Found a burning altar of Makhleb.
  7469 | D:7      | Reached XP level 9. HP: 62/62 MP: 19/19
  7626 | D:8      | Reached skill level 1 in Fighting
  7626 | D:8      | Reached skill level 5 in Spellcasting
  7670 | D:8      | Found a burning altar of Makhleb.
  7713 | D:8      | Noticed Harold
  7723 | D:8      | Killed Harold
  7870 | D:8      | Found an iron altar of Okawaru.
  8040 | D:8      | Found a staircase to the Lair.
  8169 | D:8      | Noticed Psyche
  8176 | D:8      | Killed Psyche
  8207 | D:8      | Found an ornate altar of the Wu Jian Council.
  8268 | D:8      | Found a basalt altar of Yredelemnul.
  8387 | D:8      | Reached skill level 5 in Dodging
  8500 | D:8      | Found Fyplui's Distillery.
  8653 | D:9      | Found a blossoming altar of Fedhas.
  8702 | D:9      | Reached skill level 5 in Fighting
  9260 | D:9      | Noticed a nameless horror
  9268 | D:9      | Killed a nameless horror
  9373 | D:9      | Reached XP level 10. HP: 65/81 MP: 19/21
  9534 | D:9      | Found a bloodstained altar of Trog.
 10268 | D:10     | Entered Level 10 of the Dungeon
 10380 | D:10     | Reached skill level 1 in Charms
 10573 | D:10     | Reached skill level 1 in Long Blades
 10809 | D:10     | Noticed a two-headed ogre
 10819 | D:10     | Killed a two-headed ogre
 11319 | D:10     | Reached skill level 5 in Long Blades
 11864 | D:11     | Noticed a two-headed ogre
 11882 | D:11     | Killed a two-headed ogre
 12348 | D:11     | Noticed a purple ugly thing
 12367 | D:11     | Killed a purple ugly thing
 12512 | D:11     | Noticed a cyclops
 12529 | D:11     | Killed a cyclops
 12540 | D:11     | Reached XP level 11. HP: 87/89 MP: 22/22
 12631 | D:11     | Found a shimmering blue altar of Sif Muna.
 12724 | D:11     | Noticed a six-headed hydra
 12737 | D:11     | Killed a six-headed hydra
 12853 | D:11     | Noticed an orc knight
 12877 | D:11     | Killed an orc knight
 13073 | D:11     | Found a staircase to the Orcish Mines.
 13871 | Lair:1   | Entered Level 1 of the Lair of Beasts
 13871 | Lair:1   | Noticed Sonja
 13873 | Lair:1   | Noticed Sonja
 13873 | Lair:1   | Sonja changed into Sonja the golden eye
 13998 | D:8      | Killed Sonja the golden eye
 14236 | Lair:1   | Reached skill level 10 in Long Blades
 14622 | Lair:1   | Noticed a five-headed hydra
 14636 | Lair:1   | Killed a five-headed hydra
 15688 | Lair:2   | Reached XP level 12. HP: 86/96 MP: 23/23
 15746 | Lair:2   | Found a staircase to the Shoals.
 15862 | Lair:2   | Found a staircase to the Snake Pit.
 16510 | Lair:2   | Got a slimy trident
 16513 | Lair:2   | Got a warped hunting sling
 16704 | Lair:2   | Identified the +0 trident of the Turnip {freeze, *Drain rN+
                  | Str+4} (You found it on level 2 of the Lair of Beasts)
 16706 | Lair:2   | Identified the +4 hunting sling "Pisofi" {freeze, rPois}
                  | (You found it on level 2 of the Lair of Beasts)
 16935 | Lair:3   | Found a gate leading to a gauntlet.
 16939 | Gauntlet | Entered a Gauntlet
 16939 | Gauntlet | Found a transporter.
 16982 | Gauntlet | Found a transporter.
 16982 | Gauntlet | Found a transporter.
 16983 | Gauntlet | Found a transporter.
 16991 | Gauntlet | Found a transporter.
 16994 | Gauntlet | Found a transporter.
 16995 | Gauntlet | Found a transporter.
 17001 | Gauntlet | Noticed a green death
 17007 | Gauntlet | Found a transporter.
 17008 | Gauntlet | Found a transporter.
 17008 | Gauntlet | Found a transporter.
 17018 | Gauntlet | Noticed a dire elephant
 17019 | Gauntlet | Found a transporter.
 17019 | Gauntlet | Found a transporter.
 17020 | Gauntlet | Found a transporter.
 17028 | Gauntlet | Found a transporter.
 17229 | Gauntlet | Reached skill level 1 in Shields
 17328 | Gauntlet | Killed a green death
 17657 | Gauntlet | Killed a dire elephant
 18113 | Gauntlet | Noticed a minotaur
 18143 | Gauntlet | Identified the Handbook of Poison and Creation
 19051 | Lair:3   | Reached skill level 5 in Shields
 20277 | Lair:4   | Noticed a five-headed hydra
 20293 | Lair:4   | Killed a five-headed hydra
 20890 | Lair:5   | Found a runed translucent door.
 20991 | Lair:5   | Reached XP level 13. HP: 101/101 MP: 24/24
 21735 | Lair:5   | Found a runed translucent gate.
 21736 | Lair:5   | Found a runed translucent gate.
 21740 | Lair:5   | Found a runed translucent gate.
 21742 | Lair:5   | Noticed Caath's ghost (journeyman DrFi)
 21827 | Lair:5   | Found a viscous altar of Jiyva.
 21827 | Lair:5   | Found a staircase to the Slime Pits.
 22185 | Lair:6   | Entered Level 6 of the Lair of Beasts
 22968 | Lair:6   | Noticed a dire elephant
 24631 | Lair:6   | Killed a dire elephant
 24902 | Lair:6   | Reached skill level 10 in Shields
 25677 | Lair:6   | Got a creamy pearl robe
 25867 | D:11     | Identified the +0 robe of the Valley of Death {*Contam rF+
                  | Int+2} (You found it on level 6 of the Lair of Beasts)
 25875 | D:11     | Gained mutation: You are clumsy. (Dex -2) [mutagenic glow]
 25886 | D:11     | Learned a level 6 spell: Statue Form
 26135 | Orc:1    | Entered Level 1 of the Orcish Mines
 26350 | Orc:2    | Entered Level 2 of the Orcish Mines
 26530 | Orc:2    | Found a staircase to the Elven Halls.
 26653 | Orc:2    | Found Piocav's Jewellery Shop.
 26694 | Orc:2    | Reached skill level 1 in Earth Magic
 27263 | Orc:2    | Found a roughly hewn altar of Beogh.
 27451 | Orc:2    | Found Yligu's Book Emporium.
 27451 | Orc:2    | Found Pootaiga's General Store.
 27716 | Orc:2    | Found a roughly hewn altar of Beogh.
 28208 | Orc:2    | Found Pabog's Food Emporium.
 28238 | Orc:2    | Reached XP level 14. HP: 100/114 MP: 25/25
 28253 | Orc:2    | Found Facsig's Magic Scroll Boutique.
 28341 | Orc:2    | Bought a scroll of acquirement for 624 gold pieces
 28631 | Orc:2    | Gained mutation: You tend to lose your temper in combat. [a
                  | neqoxec]
 29006 | Orc:1    | Found a runed translucent gate.
 29006 | Orc:1    | Found a runed translucent gate.
 29006 | Orc:1    | Found a runed translucent gate.
 29007 | Orc:1    | Noticed Snicker's ghost (journeyman DsAs)
 29285 | Orc:2    | Bought the ring "Zomoaphe" {MR+ Int+6} for 995 gold pieces
 29375 | Orc:2    | Lost mutation: You tend to lose your temper in combat.
                  | [potion of mutation]
 29375 | Orc:2    | Lost mutation: You are clumsy. (Dex -2) [potion of
                  | mutation]
 29375 | Orc:2    | Gained mutation: Your system is resistant to poisons.
                  | (rPois) [potion of mutation]
 29375 | Orc:2    | Gained mutation: Your muscles are strong. (Str +2) [potion
                  | of mutation]
 29375 | Orc:2    | Gained mutation: You have very sharp teeth. [potion of
                  | mutation]
 29624 | D:12     | Found a portal to a secret trove of treasure.
 29950 | D:12     | Found Hiuc's Assorted Antiques.
 29970 | D:12     | Noticed Nessos
 30003 | D:12     | Killed Nessos
 30003 | D:12     | Reached skill level 5 in Earth Magic
 30183 | D:12     | Got a flickering ruby amulet
 30206 | D:12     | Noticed Gastronok
 30223 | D:12     | Killed Gastronok
 30426 | D:12     | Identified the amulet "Duacun" {Faith rPois rF+ MP+9 Int+2
                  | Slay-4} (You found it on level 12 of the Dungeon)
 31897 | D:13     | Found a bloodstained altar of Trog.
 31931 | D:13     | Found Uvviad's Antique Armour Shop.
 31966 | D:13     | Noticed Erolcha
 31977 | D:13     | Killed Erolcha
 32025 | D:13     | Noticed Kirke
 32044 | D:13     | Killed Kirke
 32333 | D:13     | Noticed Jorgrun
 32356 | D:13     | Killed Jorgrun
 32356 | D:13     | Reached skill level 1 in Transmutations
 33623 | D:13     | Found a gate to the Vaults.
 33776 | D:13     | Reached XP level 15. HP: 118/124 MP: 19/26
 34003 | D:13     | Learned a level 6 spell: Iron Shot
 34199 | D:14     | Reached skill level 5 in Transmutations
 34430 | D:14     | Reached skill level 10 in Earth Magic
 34977 | D:15     | Entered Level 15 of the Dungeon
 35169 | D:15     | Found a staircase to the Depths.
 36943 | Snake:1  | Entered Level 1 of the Snake Pit
 37503 | Snake:1  | Found the ring of the Octopus King
 37512 | Snake:1  | Got a ring of the Octopus King
 37515 | Snake:1  | Identified a ring of the Octopus King {rN+ AC+1 EV+1 Str+1
                  | Int+1 Dex+1} (You found it on level 1 of the Snake Pit)
 38001 | Snake:2  | Noticed a nagaraja
 38034 | Snake:2  | Killed a nagaraja
 38580 | Snake:2  | Got a pair of faintly humming boots
 38591 | Snake:2  | Identified the +2 pair of boots "Iqidahunk" {MR+} (You
                  | found it on level 2 of the Snake Pit)
 38851 | Snake:2  | Reached skill level 10 in Transmutations
 38965 | Snake:2  | Reached skill level 1 in Conjurations
 40599 | Snake:3  | Reached XP level 16. HP: 129/132 MP: 27/27
 41262 | Snake:3  | Reached skill level 5 in Conjurations
 41542 | Shoals:1 | Entered Level 1 of the Shoals
 43279 | Shoals:2 | Acquired 550 gold pieces
 43306 | Shoals:2 | Found Figryaguig's Antique Weapon Shop.
 47028 | Shoals:3 | Noticed a kraken
 47157 | Snake:4  | Entered Level 4 of the Snake Pit
 48432 | Snake:4  | Found Xyxkoef's Food Shop.
 48432 | Snake:4  | Found Lirha's Assorted Antiques.
 48574 | Snake:4  | Found Rintenit's Weapon Boutique.
 48581 | Snake:4  | Found Kygam's Antique Weapon Shoppe.
 48666 | Snake:4  | Noticed Saint Roka
 48702 | Snake:3  | Killed Saint Roka
 48702 | Snake:3  | Reached XP level 17. HP: 31/137 MP: 4/28
 49696 | Snake:4  | Found Fiavisa's Armour Shop.
 50716 | Snake:4  | Reached skill level 10 in Conjurations
 50929 | Snake:4  | Got a serpentine rune of Zot
 53133 | Shoals:4 | Entered Level 4 of the Shoals
 54202 | Snake:4  | Bought a +0 helmet of intelligence for 138 gold pieces
 54708 | Shoals:4 | Found Famewky's Mayhem Merchandise.
 55555 | Shoals:4 | Identified the +11 whip "Oriaj" {freeze, Int+4}
 55596 | Shoals:4 | Reached XP level 18. HP: 109/145 MP: 28/30
 56227 | Shoals:4 | Cast into level 3 of the Abyss (merfolk impaler)
 56271 | Abyss:3  | Found a corrupted altar of Lugonu.
 56303 | Shoals:4 | Escaped the Abyss
 56765 | Shoals:4 | Found Jopn's Antique Armour Boutique.
 56961 | Shoals:4 | Got a barnacled rune of Zot
 57487 | Vaults:1 | Entered Level 1 of the Vaults
 57730 | Vaults:1 | Reached skill level 15 in Shields
 58966 | Vaults:1 | Reached skill level 15 in Earth Magic
 59183 | Vaults:1 | Identified the +9 dagger "Totimm" {vorpal, rPois Str+4
                  | Dex+4}
 61144 | Vaults:2 | You fall into a shaft and drop 1 floor!
 61185 | Vaults:3 | Reached skill level 10 in Fighting
 61602 | Vaults:3 | Found a large runed translucent door.
 61602 | Vaults:3 | Found a large runed translucent door.
 61603 | Vaults:3 | Noticed Ugguttuj's ghost (veteran DrWn)
 62928 | Vaults:3 | Reached XP level 19. HP: 156/156 MP: 33/34
 64576 | Vaults:2 | Found Xuemen's General Store.
 64648 | Vaults:2 | Found a staircase to the Crypt.
 66888 | Vaults:4 | Reached skill level 10 in Dodging
 67553 | Elf:1    | Entered Level 1 of the Elven Halls
 69717 | Elf:2    | Noticed Asterion
 69727 | Elf:2    | Killed Asterion
 69921 | Elf:2    | Found a runed translucent gate.
 69921 | Elf:2    | Found a runed translucent gate.
 69921 | Elf:2    | Found a runed translucent gate.
 69982 | Elf:2    | Found Kapojuoc's Distillery.
 70413 | Elf:2    | Bought a potion of heal wounds for 85 gold pieces
 71100 | Orc:2    | Bought a book of Power for 540 gold pieces
 71108 | Orc:2    | Learned a level 7 spell: Spellforged Servitor
 71217 | Elf:3    | Entered Level 3 of the Elven Halls
 71251 | Elf:3    | Reached XP level 20. HP: 161/168 MP: 17/35
 71850 | Elf:3    | Reached skill level 5 in Summonings
 73839 | Elf:3    | Identified the +8 rapier "Rokh" {vorpal, rF- rN+++ Str+4
                  | Dex+5}
 73840 | Elf:3    | Identified the ring "Ixufuynan" {*Tele Str+4 Slay+3 Stlth+}
 73882 | Elf:3    | Identified the cursed +1 robe of Mumblety Peg {rC- Int+5
                  | Dex+3 Stlth+}
 73882 | Elf:3    | Identified the cursed +0 hand axe "Hanoza" {drain, rF+ rN+
                  | Str+4 Int-5}
 73882 | Elf:3    | Identified the ring "Atoets" {rN++ MP+9 Int+5 SInv}
 74695 | Elf:3    | Identified the ring "Sottarisch" {rF+ rC++ Slay+2}
 74754 | Elf:3    | Identified the quicksilver dragon scales of the Transparent
                  | Slorg {MR+ Dex+7}
 75379 | Elf:3    | Identified the Collected Works on Sinister Cold
 75402 | Elf:3    | Found the +6 shillelagh "Devastator" {shatter}
 75409 | Elf:3    | Identified the Tome of the Icy Mountains
 75570 | Elf:3    | Acquired a +1 double sword of venom
 75827 | Depths:1 | Entered Level 1 of the Depths
 75917 | Depths:1 | Found a one-way gate leading to the halls of Pandemonium.
 75927 | Depths:1 | Identified the Incunabulum of Malediction
 76075 | Depths:1 | Found Gozag's Assorted Antiques.
 76185 | Depths:1 | Found an opulent altar of Gozag.
 76185 | Depths:1 | Noticed a golden dragon
 76190 | Depths:1 | Found Gozag's Antique Armour Shoppe.
 76193 | Depths:1 | Found Gozag's Assorted Antiques.
 76272 | Depths:1 | Found Dethrohai's Pet Rocks.
 76670 | Depths:1 | Reached skill level 10 in Summonings
 77025 | Depths:1 | Bought a scroll of enchant weapon for 750 gold pieces
 77265 | Depths:1 | Killed a golden dragon
 77467 | Depths:1 | Got a faintly humming leather armour
 77478 | Depths:1 | Identified the cursed +1 leather armour "Hudweepo" {+Inv
                  | rC+++ Str-4 Stlth+} (You found it on level 1 of the Depths)
 77491 | Depths:1 | Noticed Louise
 77493 | Depths:1 | Found a one-way gate to the infinite horrors of the Abyss.
 77503 | Depths:1 | Killed Louise
 77649 | Depths:1 | Found a gateway to Hell.
 77706 | Depths:1 | Bought a pair of translucent gloves for 950 gold pieces
 77717 | Depths:1 | Identified the cursed +0 pair of gloves of Pezatef {Str+3}
                  | (You bought it in a shop on level 1 of the Depths)
 77788 | Depths:2 | You fall into a shaft and drop 2 floors!
 77886 | Depths:3 | Found a gateway to a ziggurat.
 77888 | Depths:3 | Noticed Margery
 77900 | Depths:3 | Killed Margery
 77918 | Depths:3 | Reached XP level 21. HP: 72/174 MP: 12/36
 77933 | Depths:3 | HP: 7/226 [ettin/+0 dire flail (21)]
 77943 | Depths:3 | HP: 11/226 [deep troll (5)]
 78509 | Depths:2 | Reached skill level 15 in Long Blades
 79089 | Depths:2 | Noticed a juggernaut
 79101 | Depths:2 | Killed a juggernaut
 79741 | Depths:2 | Noticed a caustic shrike
 79741 | Depths:2 | Noticed a caustic shrike
 79759 | Depths:2 | Killed a caustic shrike
 80365 | Depths:2 | Got a fading helmet
 81214 | Depths:3 | Noticed the Enchantress
 81227 | Depths:3 | Killed the Enchantress
 81446 | Depths:3 | Noticed Jory
 81463 | Depths:3 | Killed Jory
 83029 | Depths:3 | Found a glowing golden altar of the Shining One.
 83208 | Depths:3 | Found a runed translucent gate.
 83209 | Depths:3 | Found a runed translucent gate.
 83210 | Depths:3 | Found a runed translucent gate.
 83212 | Depths:3 | Noticed Amikeex's ghost (adept TrMo)
 83212 | Depths:3 | Noticed Ubraesch's ghost (adept TrMo)
 83313 | Depths:3 | Identified the +1 helmet of Gozag's Pride {rF- Str+3} (You
                  | found it on level 2 of the Depths)
 83378 | Depths:4 | Noticed Frederick
 83527 | Depths:4 | Killed Frederick
 83675 | Depths:4 | Reached XP level 22. HP: 181/181 MP: 38/38
 84387 | Depths:4 | Learned a level 7 spell: Orb of Destruction
 85099 | Depths:5 | Entered Level 5 of the Depths
 85910 | Depths:5 | Found a gate to the Realm of Zot.
 86128 | Depths:5 | Noticed a caustic shrike
 86128 | Depths:5 | Noticed a caustic shrike
 86129 | Depths:5 | Noticed a caustic shrike
 86130 | Depths:5 | Noticed a caustic shrike
 86134 | Depths:5 | Killed a caustic shrike
 86546 | Depths:5 | Killed a caustic shrike
 86548 | Depths:5 | Killed a caustic shrike
 87213 | Depths:5 | Killed a caustic shrike
 87494 | Depths:5 | Acquired the +8 demon blade "Leech" {vamp, *Rage +Rage rN+}
 87495 | Depths:5 | Found the +8 demon blade "Leech" {vamp, *Rage +Rage rN+}
 87759 | Vaults:2 | Learned a level 2 spell: Blink
 87849 | Vaults:5 | Entered Level 5 of the Vaults
 88483 | Vaults:5 | Found Fenaed's General Store.
 88487 | Vaults:5 | Identified the +9 scimitar of Makhleb's Condemnation
                  | {freeze, Int+3}
 88677 | Vaults:5 | Reached XP level 23. HP: 193/193 MP: 25/40
 89515 | Vaults:5 | Found Mionotoi's Magic Scroll Emporium.
 89532 | Vaults:5 | Cast into level 2 of the Abyss (hell knight)
 89532 | Abyss:2  | Found a corrupted altar of Lugonu.
 89604 | Abyss:2  | Found a roughly hewn altar of Beogh.
 89771 | Abyss:2  | Reached skill level 15 in Dodging
 89885 | Vaults:5 | Escaped the Abyss
 90037 | Vaults:5 | Found Basatoed's Magic Scroll Shop.
 90041 | Vaults:5 | Bought a scroll of blinking for 112 gold pieces
 90082 | Vaults:5 | Found Aralusazo's Distillery.
 90222 | Vaults:5 | Identified the cursed +0 chain mail of Axemo {*Drain MR+
                  | SInv}
 90360 | Vaults:5 | Identified the cursed +1 ring mail "Higiruez" {+Fly Int+5}
                  | (You found it on level 5 of the Vaults)
 90590 | Vaults:5 | Learned a level 6 spell: Invisibility
 90642 | Vaults:5 | Reached skill level 1 in Hexes
 90646 | Vaults:5 | Reached skill level 15 in Fighting
 90677 | Vaults:5 | Identified the +9 quarterstaff of Certain Death {protect,
                  | +Blink Int+7}
 91547 | Vaults:5 | Identified the cursed +0 helmet "Feat" {-Tele Harm rC-
                  | SInv} (You found it on level 5 of the Vaults)
 91575 | Vaults:5 | Identified the Collected Works on the Volcanoes and
                  | Benedictions
 91634 | Vaults:5 | Reached skill level 5 in Hexes
 91742 | Vaults:5 | Got a silver rune of Zot
 92142 | Zot:1    | Entered Level 1 of the Realm of Zot
 92246 | Zot:1    | Noticed an ancient lich
 92363 | Zot:1    | Reached XP level 24. HP: 210/210 MP: 32/40
 92395 | Zot:1    | Killed an ancient lich
 93530 | Zot:2    | Noticed an orb of fire
 93531 | Zot:2    | Gained mutation: Your spells are a little easier to cast,
                  | but a little less powerful. [an orb of fire]
 93531 | Zot:2    | Lost mutation: Your system is resistant to poisons. (rPois)
                  | [an orb of fire]
 93534 | Zot:2    | Gained mutation: Your body sometimes deteriorates upon
                  | taking damage. [an orb of fire]
 93537 | Zot:2    | Gained mutation: You occasionally shout uncontrollably at
                  | your foes. [an orb of fire]
 93541 | Zot:2    | Killed an orb of fire
 93840 | Zot:2    | Lost mutation: Your muscles are strong. (Str +2) [potion of
                  | mutation]
 93840 | Zot:2    | Lost mutation: You occasionally shout uncontrollably at
                  | your foes. [potion of mutation]
 93840 | Zot:2    | Lost mutation: Your spells are a little easier to cast, but
                  | a little less powerful. [potion of mutation]
 93840 | Zot:2    | Lost mutation: Your body sometimes deteriorates upon taking
                  | damage. [potion of mutation]
 93840 | Zot:2    | Gained mutation: Your flesh is cold resistant. (rC+)
                  | [potion of mutation]
 93840 | Zot:2    | Gained mutation: You are somewhat resistant to further
                  | mutation. [potion of mutation]
 96341 | Zot:4    | Noticed an orb of fire
 96349 | Zot:4    | Killed an orb of fire
 96349 | Zot:4    | Reached XP level 25. HP: 174/224 MP: 9/40
 97604 | Zot:5    | Entered Level 5 of the Realm of Zot
 98595 | Zot:5    | Noticed an ancient lich
 98613 | Zot:5    | Killed an ancient lich
 99160 | Zot:5    | Noticed an orb of fire
 99166 | Zot:5    | Killed an orb of fire
 99383 | Zot:5    | Noticed an orb of fire
 99386 | Zot:5    | Noticed an orb of fire
 99391 | Zot:5    | HP: 15/444 [orb of fire/bolt of fire (35)]
 99396 | Zot:5    | Killed an orb of fire
 99396 | Zot:5    | Mangled by an Orb Guardian

Illustrated notes

Levels and vault maps discovered:
D:1:      sevenhm_arrival_forest_fort_small_4, layout_loops_ring
D:2:      layout_basic, minmay_fountain_box, uniq_natasha
D:3:      layout_loops_ring, chequers_ecumenical_altar_twisty, first_ration
D:4:      layout_basic, minmay_temple_entry_grid, minmay_bisected
D:5:      minmay_skewed_foursquare, layout_basic, nicolae_overflow_crystal_walls
D:6:      layout_basic, serial_glass, glass_columns_b, glass_columns_a,
          minmay_strange_pillars, due_unseen_surprise, minmay_strange_pillars,
          serial_shops, shop, hangedman_decor_slide_cut, uniq_sigmund,
          uniq_edmund
D:7:      layout_rooms, grunt_temple_overflow_champion_of_chaos
D:8:      layout_basic, kennysheep_mini, okawaru_trees_2, lemuel_round_altar,
          lair_entry_dummy, serial_shops, shop, basic_altar, uniq_psyche,
          uniq_harold
D:9:      minmay_distorted_concentric_squares, layout_basic, old_standard_altar,
          fedhas_ov_isle_minmay
D:10:     layout_basic, david_nohive_1
D:11:     layout_layer_cave, erik_orc_2, basic_altar
D:12:     minmay_the_grid_triangle_9x9_line_8_mashed
          [minmay_the_grid_triangle_9x9_minimal,
          minmay_the_grid_triangle_9x9_steps,
          minmay_the_grid_triangle_9x9_intruding_spiral,
          minmay_the_grid_triangle_9x9_corruption,
          minmay_the_grid_triangle_9x9_sparse_checkered,
          minmay_the_grid_triangle_9x9_stretched_checkered,
          minmay_the_grid_triangle_9x9_pentomino_pain,
          minmay_the_grid_triangle_9x9_prize_top_heavy], layout_grid_maze,
          serial_shops, nicolae_shop_trees, trove_entry_hex_spiral, uniq_nessos,
          uniq_gastronok
D:13:     layout_long_grid, erik_vaults_2, serial_shops, nicolae_shop_trees,
          trog_wizard, uniq_jorgrun, uniq_erolcha, uniq_kirke
D:14:     layout_big_octagon, dk_noncrumbling_4, st_stairs_14
D:15:     gammafunk_enter_depths_forms, layout_layer_cave,
          minmay_misc_feat_more_columns, portal_ice_cave_entry_pillars_1
Lair:1:   layout_hall_layers, st_stairs_10, minmay_hedge_maze,
          beast_lair_carwin_3, uniq_sonja
Lair:2:   layout_gridlike, shoals_dummy_entry,
          minmay_snake_entry_guardpost_small, worms_lemuel, grunt_megastairs_4,
          lemuel_fruit_tree, serial_bayou_shore_a, infiniplex_staircase_pool
Lair:3:   layout_gridlike, gauntlet_entry_generic, lemuel_fruit_fields,
          minmay_lair_oklob_chamber, grunt_megastairs_1,
          infiniplex_staircase_pool_2
Lair:4:   layout_regular_city
Lair:5:   layout_gridlike, slime_altar_2, ebering_ghost_rock_garden,
          minmay_shattered_shrine
Lair:6:   guppyfry_lair_end_dragon, layout_cave_shapes,
          hangedman_lair_in_review, nicolae_volcano_entry_vermiform
Shoals:1: layout_shoals, nicolae_shoals_circle_sea_wall
Shoals:2: layout_shoals, serial_shops, nicolae_shop_trees,
          nicolae_shoals_hunting_party
Shoals:3: layout_shoals, hangedman_shoals_cup_caves
Shoals:4: shoals_end_grunt_ice, layout_shoals, serial_shops,
          nicolae_shop_temple_entry_statues_fountains,
          nicolae_shoals_stone_sculpture_thing, minmay_shop_mayhem
Snake:1:  layout_misc_corridors
Snake:2:  layout_onion
Snake:3:  layout_gridlike, guppyfry_snake_island
Snake:4:  grunt_snake_rune_spirals, layout_onion_interference, serial_shops,
          shop, nicolae_shop_competitors_out_of_business, shop_fountains, shop,
          shop, grunt_ministairs_2, drop_trap, uniq_saint_roka
Orc:1:    layout_caves, gammafunk_ghost_necromancy
Orc:2:    st_orc_town, layout_caves, basic_altar, serial_shops, shop
Elf:1:    minmay_elf_arrival_summoners, layout_geoelf_octagon,
          kennysheep_underground_church, minivault_15, minivault_26
Elf:2:    layout_geoelf_octagon, serial_shops, shop, uniq_asterion
Elf:3:    elf_hall, layout_geoelf_castle
Vaults:1: v_rooms_1, v_misc_8, ontoclasm_vaults_ring_square,
          grunt_vaults_bifocal, nicolae_vaults_asterisk,
          ontoclasm_vaults_ligature, vaults_room_grid, grunt_vaults_swirl,
          ontoclasm_vaults_eye, nicolae_vaults_network_s,
          layout_vaults_big_cross
Vaults:2: nicolae_vaults_little_ls, vaults_room_octagon,
          minmay_crypt_entry_simple_plaza, v_misc_32,
          vaults_standard_mumra_enter_the_diamond, nicolae_vaults_murderbox,
          layout_vaults_chaotic_city, serial_shops, shop_coins
Vaults:3: ebering_vaults_ghost_disaster_area, grunt_vaults_funnel, v_misc_18,
          nicolae_vaults_network_quincunx
          [nicolae_vaults_network_quincunx_subvault,
          nicolae_vaults_network_quincunx_subvault,
          nicolae_vaults_network_quincunx_subvault,
          nicolae_vaults_network_quincunx_subvault,
          nicolae_vaults_network_quincunx_subvault], nicolae_vaults_asterisk,
          vaults_dpeg_encased_lava, layout_vaults_omnigrid
Vaults:4: v_misc_27, v_pattern_2, hangedman_vaults_slice,
          nicolae_vaults_network_star, st_cross, hangedman_vaults_nails,
          vaults_room_fours, ontoclasm_vaults_tryst, vaults_dpeg_doors,
          layout_vaults_omnibox
Vaults:5
Depths:1: kennysheep_gozag_temple, layout_gridville, pf_dread_powers_of_hell,
          nicolae_abyss_entry_one_way_or_another, minmay_holes, pan_entry,
          grunt_decor_one_mirror, guppyfry_shop_earth
Depths:2: angbandy_vault, layout_basic, hangedman_abyss_entry_splay, hell_entry,
          chequers_decorated_corner, grunt_decor_cap, minmay_staircase_bubble
Depths:3: abrahamwl_protected_by_tso_2, layout_long_grid, enter_ziggurat_e,
          serial_bayou_ford_a, rand_demon_pan_entry_9, grunt_metal_band,
          gammafunk_ghost_cemetery, uniq_margery, uniq_enchantress, uniq_jory
Depths:4: minmay_quarter_circles, layout_cave_shapes, hell_entry,
          rand_demon_pan_entry_7, chequers_serial_rivers_marsh, abyss_entry,
          uniq_frederick
Depths:5: grunt_zot_entry_gee_three, layout_basic, hell_entry,
          due_unseen_surprise
Zot:1:    ebering_klown_carousel, layout_gridville
Zot:2:    lemuel_firehouse, layout_concentric_octagons, zot_minivault_5
Zot:3:    layout_onion
Zot:4:    layout_misc_corridors
Zot:5:    layout_onion

Skill      XL: |  1  2  3  4  5  6  7  8  9 10 11 12 13 14 15 16 17 18 19 20 21 22 23 24 25 |
---------------+----------------------------------------------------------------------------+-----
Spellcasting   | 2 4 5 7 8 |  8.0
Ice Magic      | 4 5 6 8 9 10 | 10.0
Summonings     | 4 10 12 14 | 14.0
Fighting       | 5 6 7 9 10 12 13 15 18 19 | 19.5
Dodging        | 5 6 12 13 14 16 17 19 | 19.2
Charms         | 3 |  3.0
Long Blades    | 6 11 13 14 16 | 16.0
Shields        | 6 10 12 14 15 | 15.0
Earth Magic    | 3 9 10 12 13 15 | 15.0
Transmutations | 4 10 | 10.0
Conjurations   | 4 8 10 12 14 | 14.0
Hexes          | 5 8 |  8.0
Stealth        | |  1.7

Action                   |  1- 3 |  4- 6 |  7- 9 | 10-12 | 13-15 | 16-18 | 19-21 | 22-24 | 25-27 || total
-------------------------+-------+-------+-------+-------+-------+-------+-------+-------+-------++-------
Melee: Dagger            |    40 |   111 |   268 |   373 |    73 |       |       |       |       ||   865
       Long sword        |       |       |       |   269 |   689 |       |       |       |       ||   958
       Scimitar          |       |       |       |       |   664 |  1768 |  1033 |       |       ||  3465
       Bite              |       |       |       |       |   152 |   258 |   298 |   366 |    41 ||  1115
       Double sword      |       |       |       |       |       |       |   649 |   659 |   225 ||  1533
       Demon blade       |       |       |       |       |       |       |       |  1186 |       ||  1186
 Cast: Freeze            |    24 |    11 |    17 |    65 |    19 |     7 |       |       |       ||   143
       Frozen Ramparts   |     2 |    21 |    30 |    90 |   139 |   143 |   128 |    60 |     2 ||   615
       Ozocubu's Armour  |       |     3 |    13 |    31 |    62 |       |       |       |       ||   109
       Summon Ice Beast  |       |       |     5 |    14 |    15 |    13 |     4 |       |       ||    51
       Statue Form       |       |       |       |       |     5 |    55 |    47 |    42 |    12 ||   161
       Iron Shot         |       |       |       |       |       |    35 |    96 |    68 |     5 ||   204
       Spellforged Servi |       |       |       |       |       |       |     5 |     9 |     3 ||    17
       Invisibility      |       |       |       |       |       |       |       |     4 |     4 ||     8
 Abil: End Transformatio |       |       |       |       |       |     2 |     1 |       |       ||     3
Evoke: Wand              |       |       |       |     4 |     3 |     4 |    15 |       |       ||    26
       Phantom mirror    |       |       |       |       |       |       |     3 |     1 |     1 ||     5
  Use: Scroll            |       |     9 |     8 |    13 |     7 |    12 |    29 |    23 |     1 ||   102
       Potion            |       |       |       |     6 |     4 |     8 |    14 |     4 |     4 ||    40
 Stab: Sleeping          |     2 |     1 |     5 |     9 |     4 |     1 |     3 |       |       ||    25
       Distracted        |       |       |     2 |     3 |     3 |     1 |       |     4 |       ||    13
       Petrified         |       |       |       |       |     4 |       |       |       |       ||     4
       Petrifying        |       |       |       |       |     2 |       |       |       |       ||     2
       Confused          |       |       |       |       |       |       |     2 |       |       ||     2
       Invisible         |       |       |       |       |       |       |       |    46 |    20 ||    66
  Eat: Chunk             |     3 |    11 |    19 |    34 |    49 |    75 |    80 |    42 |     4 ||   317
       Ration            |       |       |       |     3 |     7 |    11 |    12 |    12 |     4 ||    49
Armor: Robe              |    15 |    28 |       |       |       |       |       |       |       ||    43
       Steam dragon scal |       |     2 |   106 |   189 |   375 |   173 |   109 |       |       ||   954
       Skin              |       |       |       |       |   108 |   609 |   449 |   423 |    69 ||  1658
       Quicksilver drago |       |       |       |       |       |       |    91 |   160 |    11 ||   262
Dodge: Dodged            |    31 |    65 |   186 |   456 |   635 |   908 |  1215 |  1309 |   205 ||  5010
Block: Kite shield       |       |       |       |   100 |   821 |  1299 |  1280 |  1336 |   221 ||  5057
       Rpst.: Long sword |       |       |       |    43 |    56 |       |       |       |       ||    99
       Scimitar          |       |       |       |       |    72 |   153 |    78 |       |       ||   303
       Double sword      |       |       |       |       |       |       |   132 |   101 |    42 ||   275
       Demon blade       |       |       |       |       |       |       |       |   118 |       ||   118
